 Dungeon Crawl Stone Soup version 0.22.1-6-g1668fe2 (webtiles) character file.

365 Fang the Chopper (level 6, -2/39 HPs)
             Began as a Gargoyle Berserker on Jan 24, 2019.
             Was a Priest of Trog.
             Killed from afar by an orc wizard (5 damage)
             ... with a puff of flame
             ... on level 3 of the Dungeon.
             The game lasted 00:03:19 (1714 turns).

Fang the Chopper (Gargoyle Berserker)               Turns: 1714, Time: 00:03:20

Health: -2/39      AC: 16    Str: 23    XL:     6   Next: 68%
Magic:  6/6        EV:  7    Int:  7    God:    Trog [***...]
Gold:   113        SH:  0    Dex:  9    Spells: 5/5 levels left

rFire    + . .     SeeInvis .   l - +0 war axe
rCold    + . .     Gourm    .   (no shield)
rNeg     + . .     Faith    .   k - +0 plate armour
rPois    ∞         Spirit   .   (no helmet)
rElec    +         Reflect  .   a - scarf {rC+ rF+}
rCorr    .         Harm     .   (no gloves)
MR       .....                  (no boots)
Stlth    ..........             (no amulet)
HPRegen  0.13/turn              (no ring)
MPRegen  0.10/turn              (no ring)

@: berserk cooldown
A: negative energy resistance 1, electricity resistance, unbreathing,
petrification resistance, rot immunity, AC +4
a: Berserk, Trog's Hand, Renounce Religion


You were on level 3 of the Dungeon.
You worshipped Trog.
Trog was most pleased with you.
You were not hungry.

You visited 1 branch of the dungeon, and saw 3 of its levels.

You collected 113 gold pieces.

Inventory:

Hand Weapons
 l - a +0 war axe (weapon)
Armour
 a - a scarf of resistance (worn)
 k - a +0 plate armour (worn)
Wands
 m - a wand of iceblast (10)
Scrolls
 b - 6 scrolls of identify {unknown}
 d - a scroll of remove curse {unknown}
 f - a scroll of teleportation {unknown}
 j - a scroll of blinking {unknown}
Potions
 e - a potion of berserk rage {unknown}
 g - 2 potions of heal wounds {unknown}
 i - a potion of ambrosia {unknown}
Comestibles
 c - 7 rations


   Skills:
 + Level 4.7 Fighting
 + Level 4.9 Axes
 + Level 3.5 Armour
 + Level 2.5 Dodging


You had 5 spell levels left.
You didn't know any spells.
Your spell library was empty.

Dungeon Overview and Level Annotations

Branches:
Dungeon (3/15)

Altars:
Cheibriados
Okawaru


Innate Abilities, Weirdness & Mutations

You are resistant to torment.
Your stone body is resilient. (AC +4)
You are immune to poison.
You resist negative energy. (rN+)
You are resistant to electric shocks. (rElec)
You can survive without breathing.
You are immune to petrification.
You are immune to rotting.


Message History

A puff of flame appears from out of thin air!
The puff of flame hits you! You resist.
* * * LOW HITPOINT WARNING * * *
The gnoll hits you but does no damage.
The orc wizard mumbles some strange words.
The orc wizard blinks!
Something hits you but does no damage. The gnoll barely misses you.
You hear some strange, mumbled words.
Something tries to affect you, but you resist.
The gnoll hits you with a whip of venom.
* * * LOW HITPOINT WARNING * * *
Something hits you but does no damage.
You can move again.
Unknown command.
You eat one of the 8 rations.
That ration really hit the spot!
The gnoll barely misses you.
You hear some strange, mumbled words.
A puff of flame appears from out of thin air!
The puff of flame hits you! You resist.
You die...

.....)....##.... ##.#.#
.......(..## ... ....###.
................ ........
.......#.##### # #.....#
...........########... .#.##
.......#.#..........##.....#
...........#### ##)))....g..
###..#.##.....###g.###.#...#
.#..##.##.###.##@{## .. .
.#.###.##.#.....o## ...
...###.##.#......# ...
.#......†.#......# go
.#...............# .
##........#.......
#.........#........
.................###
##........#......#


You could see an orc wizard and a gnoll.

Vanquished Creatures
  2 orc priests (D:3)
  Crazy Yiuf (D:2)
  A bullfrog skeleton (D:2)
  An orc wizard (D:3)
  Ijyb (D:3)
  Terence (D:3)
  An iguana (D:3)
  3 gnolls (D:3)
  2 adders
  2 oozes
  A worm (D:3)
  3 dart slugs
  7 orcs (D:3)
  2 giant cockroaches (D:1)
  10 goblins
  6 hobgoblins
  A jackal (D:1)
  9 kobolds
  2 quokkas (D:2)
  A ball python (D:1)
  10 bats
  7 frilled lizards
  7 rats
81 creatures vanquished.

Notes
Turn   | Place    | Note
-------+----------+-------------------------------------------
     0 | D:1      | Fang the Gargoyle Berserker began the quest for the Orb.
     0 | D:1      | Reached XP level 1. HP: 14/14 MP: 1/1
   129 | D:1      | Reached XP level 2. HP: 19/19 MP: 2/2
   293 | D:1      | Reached XP level 3. HP: 18/24 MP: 3/3
   467 | D:1      | Reached ** piety under Trog
   814 | D:2      | Reached XP level 4. HP: 28/29 MP: 4/4
   882 | D:2      | Found a runed door.
  1024 | D:2      | Found a snail-covered altar of Cheibriados.
  1034 | D:2      | Found an iron altar of Okawaru.
  1263 | D:2      | Noticed Crazy Yiuf
  1266 | D:2      | Killed Crazy Yiuf
  1266 | D:2      | Reached XP level 5. HP: 33/33 MP: 5/5
  1396 | D:3      | Reached *** piety under Trog
  1533 | D:3      | Noticed Ijyb
  1575 | D:3      | Killed Ijyb
  1618 | D:3      | Noticed Terence
  1625 | D:3      | Killed Terence
  1625 | D:3      | Reached XP level 6. HP: 39/39 MP: 6/6
  1703 | D:3      | Paralysed by fainting for 12 turns
  1714 | D:3      | Killed from afar by an orc wizard

Skill      XL: |  1  2  3  4  5  6 |
---------------+-------------------+-----
Axes           | 3 4 |  4.9
Dodging        | 2 |  2.5
Fighting       | 4 |  4.7
Armour         | 3 |  3.5

Action                   |  1- 3 |  4- 6 || total
-------------------------+-------+-------++-------
Melee: Hand axe          |    99 |       ||    99
       War axe           |    11 |   165 ||   176
Invok: Berserk           |       |     4 ||     4
  Eat: Chunk             |       |     4 ||     4
       Ration            |       |     1 ||     1
Armor: Animal skin       |    36 |       ||    36
       Ring mail         |    18 |       ||    18
       Plate armour      |     9 |   200 ||   209
Dodge: Dodged            |    79 |    78 ||   157
